 Dungeon Crawl Stone Soup version 0.30.0-20-g3b4254fcbd (webtiles) character file.

Game seed: 5777528085606009338

404 Graphine the Sneak (level 6, -6/48 HPs)
             Began as a Merfolk Brigand on June 2, 2023.
             Mangled by Pikel
             ... wielding a +0 whip of electrocution
              (13 damage)
             ... on level 4 of the Dungeon.
             The game lasted 00:06:48 (3095 turns).

Graphine the Sneak (Merfolk Brigand)                Turns: 3095, Time: 00:06:48

Health: -6/48      AC:  3    Str: 12    XL:     6   Next: 86%
Magic:  6/6        EV: 14    Int: 10    God:
Gold:   234        SH:  0    Dex: 17    Spells: 5/5 levels left

rFire   . . .        a - +7 dagger
rCold   . . .        (no shield)
rNeg    . . .        b - +0 robe
rPois   .            (no helmet)
rElec   .            c - +0 cloak
rCorr   .            (no gloves)
SInv    +            (no boots)
Will    .....        (no amulet)
Stlth   +++          m - ring of see invisible
HPRegen 0.28/turn    (no ring)
MPRegen 0.10/turn

%: no passive effects
@: silenced, studying Short Blades
A: (nimble swimmer 2), mertail
a: no special abilities


You were on level 4 of the Dungeon.
You visited 1 branch of the dungeon, and saw 4 of its levels.

You collected 234 gold pieces.

Inventory:

Hand Weapons
 a - a +7 dagger (weapon)
 w - a +0 arbalest
Missiles
 d - 13 poisoned darts (quivered)
 e - 3 curare-tipped darts
Armour
 b - a +0 robe (worn)
 c - a +0 cloak (worn)
 v - a +2 ring mail of cold resistance
Magical Staves
 q - a staff of poison
Jewellery
 j - an amulet of regeneration
 m - a ring of see invisible (left hand)
 n - a ring of magical power
Wands
 k - a wand of flame (26)
Scrolls
 g - 4 scrolls of teleportation
 x - a scroll of noise {unknown}
Potions
 f - a potion of mutation {unknown}
 h - 3 potions of resistance {unknown}
 i - a potion of invisibility {unknown}
 l - 5 potions of heal wounds {unknown}
 o - 2 potions of lignification {unknown}
 p - a potion of flight {unknown}
 r - 2 potions of degeneration {unknown}
 s - 2 potions of brilliance {unknown}
 u - 2 potions of curing {unknown}


   Skills:
 + Level 3.9 Fighting
 + Level 5.0 Short Blades
 - Level 2.0 Throwing
 + Level 4.0 Dodging
 * Level 6.8 Stealth


You had 5 spell levels left.
You didn't know any spells.
Your spell library was empty.

Dungeon Overview and Level Annotations

Branches:
Dungeon (4/15)
 Temple: D:4-7

Altars:

Shops:
D:4 *

Annotations:
D:4 Pikel


Innate Abilities, Weirdness & Mutations

((You are very nimble when in or above water. (Stealth+, EV+, Speed+++)))
Your lower body shifts to a powerful aquatic tail in water.


Message History

You hit the lemure but do no damage. You hit the lemure but do no damage.
The lemure hits you.
You hit the lemure.
The lemure is lightly wounded.
The lemure hits you!
A lemure comes into view.
You hit the lemure.
The lemure is lightly wounded.
The lemure hits you!
You closely miss the lemure.
The lemure is lightly wounded.
Aiming: Throw Flame
Press: ? - help, Shift-Dir - straight line, f - lemure
Aim: a lemure (60% to hit)
The puff of flame hits the lemure.
The lemure is moderately wounded.
The lemure hits you!
Okay, then.
As you read the scroll of silence, it crumbles to dust.
A profound silence engulfs you.
You hit Pikel.
Pikel is lightly wounded.
You closely miss Pikel.
Pikel is lightly wounded.
Pikel closely misses you.
You hit Pikel but do no damage.
Pikel is lightly wounded.
Pikel hits you with a +0 whip of electrocution.
You miss Pikel.
Pikel is lightly wounded.
Okay, then.
You hit Pikel.
Pikel is lightly wounded.
Pikel hits you with a +0 whip of electrocution!
You hit Pikel.
Pikel is moderately wounded.
Pikel hits you with a +0 whip of electrocution!
* * * LOW HITPOINT WARNING * * *
You are electrocuted!
You die...

#..#≈≈#≈≈
#.##≈≈≈≈≈ #######
#.~≈#≈≈≈#
#.....####.#≈≈≈≈≈≈
#..........##≈#≈≈#
#...........#≈≈≈≈≈
##'######...#≈#≈≈#
#..# #.....##~#
#@## #.........
###### #K#
#...######
#.....##5# #####
###..55##
#.....5.#
#>......#
#.[K#....## ###
####.# ..#


You could see Pikel and 4 lemures.

Vanquished Creatures
  A phantom (D:4)
  A jelly (D:4)
  2 hounds (D:4)
  2 iguanas
  A sleepcap (D:4)
  Terence (D:3)
  Natasha (twice) (D:3)
  3 adders
  2 dart slugs (D:2)
  An orc (D:4)
  3 endoplasms
  2 giant cockroaches
  7 goblins
  12 hobgoblins
  3 jackals (D:4)
  A quokka (D:1)
  4 ball pythons
  6 bats
  2 frilled lizards (D:3)
  4 kobolds
  2 rats
62 creatures vanquished.

Notes
Turn   | Place    | Note
-------+----------+-------------------------------------------
     0 | D:1      | Graphine the Merfolk Brigand began the quest for the Orb.
     0 | D:1      | Reached XP level 1. HP: 16/16 MP: 1/1
   128 | D:1      | Reached XP level 2. HP: 23/23 MP: 2/2
   756 | D:2      | Reached skill level 5 in Stealth
   756 | D:2      | Reached XP level 3. HP: 28/28 MP: 3/3
  1031 | D:2      | Found a faded altar of an unknown god.
  1561 | D:2      | Reached XP level 4. HP: 27/34 MP: 4/4
  1847 | D:3      | Noticed Natasha
  1855 | D:3      | Killed Natasha
  2261 | D:3      | Noticed Natasha
  2275 | D:3      | Killed Natasha
  2276 | D:3      | Reached XP level 5. HP: 41/41 MP: 5/5
  2355 | D:3      | Noticed Terence
  2379 | D:3      | Killed Terence
  2459 | D:3      | Identified a scroll of acquirement
  2459 | D:3      | Acquired a manual of Short Blades
  2533 | D:4      | Reached skill level 6 in Stealth
  2543 | D:4      | Found Loumeow's Elemental Accessories.
  2641 | D:4      | Reached XP level 6. HP: 47/47 MP: 6/6
  3036 | D:4      | Reached skill level 5 in Short Blades
  3077 | D:4      | Noticed Pikel
  3095 | D:4      | Mangled by Pikel

Illustrated notes

Levels and vault maps discovered:
D:1:      eino_arrival_cavern_a, layout_rooms, dk_noncrumbling_2, minivault_5,
          chequers_serial_rivers_large_b
D:2:      layout_loops_corners, dreamdust_ecumenical_altar_grove,
          dk_noncrumbling_4, minmay_goblin_kobold_house
D:3:      layout_basic, uniq_natasha, uniq_terence
D:4:      layout_basic, serial_curves, eino_curves_01, eino_curves_01,
          eino_curves_01, chequers_arboretum, chequers_jeans, minivault_4,
          nicolae_elemental_shop, uniq_pikel

Skill      XL: |  1  2  3  4  5  6 |
---------------+-------------------+-----
Dodging        | 2 3 4 |  4.0
Short Blades   | 3 4 5 |  5.0
Stealth        | 5 6 |  6.8
Fighting       | 3 |  3.9
Throwing       | |  2.0

Action                     |  1- 3 |  4- 6 || total
---------------------------+-------+-------++-------
  Melee: Dagger            |    71 |   108 ||   179
         Punch             |       |     1 ||     1
  Throw: Dart              |    12 |     8 ||    20
  Evoke: Wand              |       |     1 ||     1
    Use: Scroll            |     4 |     8 ||    12
   Stab: Sleeping          |     8 |    10 ||    18
 Armour: Robe              |    16 |    16 ||    32
  Dodge: Dodged            |    49 |    40 ||    89
